AoeStats
← Mr. Penis

African Clearing

506605245Analyzed
4v4 RM · 17d ago on Sep 14, 2026· 60m 36s· 8 players
Game mode
Random Map
Map size
Large (8 player)
Population
200
Speed
Normal
Resources
Standard
Victory
Conquest
Starting age
Dark Age
Ending age
Imperial Age
RankedLock teamsTeams togetherTeam positionsShared explorationLock speedFull tech treeHidden civsTurbo modeCheats
Victory
Defeat
1467
+10
🇨🇳 Bengalis · China
1451
+11
🇨🇳 Mongols · China
1240
+19
🇻🇳 Koreans · Vietnam
1227
+20
🇨🇴 Italians · Colombia
1346
-16
🇷🇺 Jurchens · Russia
1341
-16
🇨🇳 Vietnamese · China
1296
-14
🇬🇧 Romans · United Kingdom
1291
-14
cyfantax
7:13 Loom
16:47 Feudal Age
21:09 Castle Age
23:32 Wheelbarrow
28:10 Fletching
34:12 Wheelbarrow
41:53 Hand Cart
42:07 Horse Collar
48:10 Imperial Age
46:18 Bodkin Arrow
48:05 Ballistics
48:16 Padded Archer Armor
53:49 Elite Rattan Archer
55:45 Chemistry
55:57 Bracer
58:43 Paper Money
60:13 Leather Archer Armor
Mr. Penis
15:31 Feudal Age
16:34 Double-Bit Axe
16:41 Horse Collar
20:01 Castle Age
18:04 Gold Mining
21:04 Bow Saw
20:56 Loom
21:48 Wheelbarrow
35:40 Siege Engineers
36:42 Stone Mining
37:29 Gold Shaft Mining
39:28 Hand Cart
38:59 Town Watch
42:58 Town Watch
46:18 Stone Shaft Mining
48:49 Imperial Age
49:13 Coinage
49:58 Heavy Plow
51:47 Conscription
52:03 Hoardings
51:29 Fortified Bastions
51:53 Fervor
51:59 Block Printing
52:05 Sanctity
52:04 Guilds
52:43 Thunderclap Bombs
56:26 Ballistics
57:06 Chemistry
56:17 Masonry
55:48 Treadmill Crane
57:28 Padded Archer Armor
57:18 Fletching
Oliver
8:33 Loom
11:44 Feudal Age
18:11 Castle Age
17:28 Double-Bit Axe
18:06 Bloodlines
22:14 Town Watch
25:01 Scale Barding Armor
31:40 Forging
31:57 Horse Collar
36:09 Bow Saw
37:02 Wheelbarrow
39:12 Hand Cart
44:41 Ballistics
47:07 Imperial Age
47:16 Redemption
46:54 Pikeman
48:07 Block Printing
48:14 Conscription
47:24 Capped Ram
50:56 Cavalier
51:36 Husbandry
52:01 Chain Barding Armor
52:15 Comitatenses
53:02 Heavy Plow
55:19 Iron Casting
55:44 Plate Barding Armor
56:47 Halberdier
57:38 Light Cavalry
58:24 Squires
58:34 Scale Mail Armor
59:35 Blast Furnace
60:51 Chain Mail Armor
le Bloodskill96
11:08 Loom
13:41 Feudal Age
17:30 Castle Age
16:07 Double-Bit Axe
17:41 Fletching
23:05 Bodkin Arrow
24:34 Padded Archer Armor
24:53 Bow Saw
25:37 Gold Mining
26:45 Ballistics
37:31 Imperial Age
37:16 Stone Mining
38:12 Bracer
39:30 Chemistry
40:41 Conscription
42:43 Wheelbarrow
42:41 Thumb Ring
43:46 Leather Archer Armor
44:22 Elite Genoese Crossbowman
45:04 Light Cavalry
47:13 Scale Barding Armor
47:41 Ring Archer Armor
47:35 Hand Cart
47:36 Cavalier
48:04 Hussar
49:42 Chain Barding Armor
49:37 Husbandry
50:29 Bloodlines
Yucatan_water_supremacy
4:51 Loom
12:26 Feudal Age
14:24 Town Watch
17:45 Scale Barding Armor
20:14 Bloodlines
21:33 Wheelbarrow
26:01 Castle Age
26:02 Light Cavalry
28:19 Chain Barding Armor
32:13 Horse Collar
32:20 Double-Bit Axe
38:07 Bow Saw
44:15 Hand Cart
48:37 Imperial Age
46:35 Corvinian Army
47:47 Husbandry
48:30 Fletching
48:40 Padded Archer Armor
49:58 Plate Barding Armor
48:53 Elite Magyar Huszar
49:54 Conscription
50:33 Heavy Plow
51:33 Two-Man Saw
60:56 Bodkin Arrow
61:16 Leather Archer Armor
61:23 Ballistics
62:03 Chemistry
小传奇
3:35 Loom
13:26 Feudal Age
18:01 Castle Age
17:40 Fletching
17:51 Padded Archer Armor
17:39 Double-Bit Axe
22:17 Town Watch
28:37 Bow Saw
29:02 Bodkin Arrow
29:22 Leather Archer Armor
32:49 Wheelbarrow
34:34 Bloodlines
35:12 Husbandry
37:02 Ballistics
39:17 Gold Mining
39:18 Stone Mining
42:27 Imperial Age
43:28 Hand Cart
43:20 Bracer
43:43 Conscription
49:36 Chemistry
50:17 Nomads
51:13 Horse Collar
53:30 Stone Shaft Mining
53:32 Gold Shaft Mining
54:28 Heavy Plow
54:51 Light Cavalry
54:55 Cavalier
56:00 Scale Barding Armor
56:06 Forging
55:29 Hussar
55:54 Elite Mangudai
57:15 Chain Barding Armor
57:30 Iron Casting
56:58 Cavalier
59:25 Parthian Tactics
59:06 Thumb Ring
59:16 Thumb Ring
Duc Duong
9:19 Loom
11:49 Feudal Age
19:21 Castle Age
18:03 Double-Bit Axe
18:00 Horse Collar
20:58 Bow Saw
22:30 Wheelbarrow
35:11 Hand Cart
34:48 Horse Collar
37:55 Imperial Age
39:34 Conscription
39:16 Fletching
40:32 Bodkin Arrow
43:37 Chemistry
44:41 Bracer
44:59 Town Watch
46:30 Forging
47:51 Two-Man Saw
47:43 Masonry
48:55 Ballistics
49:44 Iron Casting
52:31 Architecture
51:57 Murder Holes
52:11 Gold Mining
52:37 Elite War Wagon
55:02 Eupseong
Tachibana Kanade
12:23 Loom
14:08 Feudal Age
18:30 Castle Age
17:37 Double-Bit Axe
18:22 Gold Mining
18:12 Horse Collar
20:04 Bow Saw
21:27 Fletching
22:20 Husbandry
22:57 Bodkin Arrow
23:55 Bloodlines
25:17 Padded Archer Armor
26:17 Town Watch
27:16 Wheelbarrow
27:15 Leather Archer Armor
29:03 Stone Mining
30:36 Forging
36:21 Gold Shaft Mining
36:03 Hand Cart
40:24 Imperial Age
39:41 Iron Casting
39:40 Elite Skirmisher
40:56 Coinage
41:12 Bracer
41:42 Ring Archer Armor
42:18 Chemistry
41:27 Elite Elephant Archer
43:19 Ballistics
42:47 Onager
44:12 Heavy Plow
44:52 Conscription
45:03 Masonry
48:57 Siege Engineers
50:57 Architecture
50:56 Devotion
52:35 Treadmill Crane
59:03 Murder Holes
Connection lost

Rejoining the realm…

Still unreachable

The connection could not be restored.

Session expired

The server has moved on; the page needs a fresh start.